 Dungeon Crawl Stone Soup version 0.30-a0-728-gc68057be0a (webtiles) character file.

Game seed: 7903873397807663120

88 BigDaddyOpFi the Shield-Bearer (level 4, -2/37 HPs)
             Began as a Formicid Fighter on Jan 31, 2023.
             Succumbed to Robin's poison
             ... on level 2 of the Dungeon.
             The game lasted 00:02:02 (1162 turns).

BigDaddyOpFi the Shield-Bearer (Formicid Fighter)   Turns: 1162, Time: 00:02:02

Health: -2/37      AC:  9    Str: 23    XL:     4   Next: 82%
Magic:  4/4        EV:  7    Int:  7    God:
Gold:   77         SH:  5    Dex: 13    Spells: 3/3 levels left

rFire   . . .      SeeInvis +    a - +0 war axe
rCold   . . .      Faith    .    c - +0 buckler
rNeg    . . .      Spirit   .    f - +0 chain mail
rPois   .          Reflect  .    (helmet unavailable)
rElec   .          Harm     .    g - scarf {repulsion}
rCorr   .          Rampage  .    (no gloves)
Will    ++...                    (no boots) Stlth
                                 (no amulet)
HPRegen 0.26/turn                h - ring of willpower
MPRegen 0.09/turn                d - ring of willpower

@: lethally poisoned (-2 -> -31), repel missiles
A: permanent stasis, dig shafts and tunnels, antennae 3, four strong arms
a: Dig, Shaft Self


You were on level 2 of the Dungeon.
You visited 1 branch of the dungeon, and saw 2 of its levels.

You collected 77 gold pieces.

Inventory:

Hand Weapons
 a - a +0 war axe (weapon)
Armour
 c - a +0 buckler (worn)
 f - a +0 chain mail (worn)
 g - a scarf of repulsion (worn)
Jewellery
 d - a ring of willpower (right hand)
 h - a ring of willpower (left hand)
Scrolls
 b - a scroll of identify
 e - 2 scrolls of magic mapping
 k - a scroll of blinking
Potions
 l - a potion of degeneration {unknown}


   Skills:
 + Level 4.0 Fighting
 + Level 2.8 Axes
 + Level 4.0 Armour
 + Level 4.8 Shields


You had 3 spell levels left.
You didn't know any spells.
Your spell library contained the following spells:

 Spells                   Type           Power      Damage    Failure   Level
 Ozocubu's Armour         Ice            0%         N/A       100%        3
 Ozocubu's Refrigeration  Ice            0%         4d7       100%        7


Dungeon Overview and Level Annotations

Branches:
Dungeon (2/15)

Altars:

Shops:
D:2 *

Annotations:
D:2 Robin


Innate Abilities, Weirdness & Mutations

You cannot be hasted, slowed, berserked, paralysed or teleported.
You can dig through walls and to a lower floor.
You have a pair of large antennae on your head. (SInv)
Your four strong arms can wield two-handed weapons with a shield.


Message History

The goblin no longer looks unusually strong.
The goblin hits you but does no damage.
Robin hits you from afar with a +1 trident of venom!
You are more poisoned.
The kobold hits you but does no damage. You block the goblin's attack.
You block Robin's attack.
You slash the kobold!
You kill the kobold!
You slash the goblin!
You kill the goblin!
* * * LOW HITPOINT WARNING * * *
You feel very sick.
A frilled lizard comes into view.
Robin hits you from afar with a +1 trident of venom.
* * * LOW HITPOINT WARNING * * *
You are more poisoned.
Your Armour skill increases to level 4!
Unknown command.
You feel better.
The frilled lizard hisses angrily.
Robin barely misses you.
You feel a little less mighty now. Robin completely misses you.
Items here: ( ))).
You closely miss Robin.
Robin hits you with a +1 trident of venom.
You are poisoned.
Robin hits you but does no damage.
You are lethally poisoned!
You hit Robin.
Robin is moderately wounded.
You hit the frilled lizard.
You kill the frilled lizard!
* * * LOW HITPOINT WARNING * * *
You feel very sick.
Robin hits you with a +1 trident of venom.
* * * LOW HITPOINT WARNING * * *
You are more poisoned.
It was a potion of magic.
Magic courses through your body.
You die...

,,*,*##....##* ###.#.##.##.....
*,*,,*#......#* ##.$..,*#..#.....
*,**..........###....****#.......
*,*##..........#....######...†...
*,**#............#.#.......#.....
*,,..................#######.....
,,..............)))....### #.....
*,#.#..........#).####...# #.....
*,*,**,,,..<....@## ###.###.####
*,*,**,,,......g/# #..#....#
*,,,*,,,,...[...## ***##......#
,,***,,,,.......,* *,,,###....#
,,,,*,,,,......#,****,,,* #....#
,,,,,,,,,......*,,,,*,,,* ######
,,,**,<,,......,,**,,,,,*
*,,***,,,.....#*,,,,,,,,* *,,*
**,,,,,,********,,,*


You could see Robin.

Vanquished Creatures
  Natasha (D:2)
  An adder (D:2)
  3 worms (D:2)
  5 ball pythons
  3 endoplasms (D:1)
  5 giant cockroaches
  2 kobolds
  2 quokkas
  3 bats (D:1)
  6 frilled lizards
  10 goblins (D:2)
  4 rats
45 creatures vanquished.

Notes
Turn   | Place    | Note
-------+----------+-------------------------------------------
     0 | D:1      | BigDaddyOpFi the Formicid Fighter began the quest for the
                  | Orb.
     0 | D:1      | Reached XP level 1. HP: 18/18 MP: 1/1
   212 | D:1      | Reached XP level 2. HP: 24/24 MP: 2/2
   665 | D:1      | Found a faded altar of an unknown god.
   770 | D:1      | Reached XP level 3. HP: 29/29 MP: 3/3
   948 | D:2      | Found Lasch's Assorted Antiques.
  1103 | D:2      | Noticed Natasha
  1116 | D:2      | Killed Natasha
  1117 | D:2      | Reached XP level 4. HP: 19/37 MP: 4/4
  1147 | D:2      | Noticed Robin
  1162 | D:2      | Succumbed to Robin's poison

Illustrated notes

Levels and vault maps discovered:
D:1:      matt_arrival_refuge, layout_loops_ring, basic_ecumenical_altar,
          minivault_26
D:2:      layout_rooms, serial_shops, nicolae_shop_stone, uniq_natasha,
          uniq_crazy_yiuf_cottage, uniq_robin

Skill      XL: |  1  2  3  4 |
---------------+-------------+-----
Fighting       | 4 |  4.0
Armour         | 4 |  4.0
Axes           | |  2.8
Shields        | |  4.8

Action                     |  1- 3 |  4- 6 || total
---------------------------+-------+-------++-------
  Melee: War axe           |    99 |    11 ||   110
    Use: Scroll            |     3 |       ||     3
         Potion            |     2 |     2 ||     4
 Armour: Scale mail        |    12 |       ||    12
         Chain mail        |    34 |    12 ||    46
  Dodge: Dodged            |    44 |     5 ||    49
  Block: Buckler           |    21 |     5 ||    26

Table legend: (Time is in decaauts)
 A = Elapsed time spent in this place.
 B = Non-inter-level travel time spent in this place.
 C = Inter-level travel time spent in this place.
 D = Time resting spent in this place.
 E = Time spent auto-exploring this place.
 F = Levels seen in this place.
 G = Mean time per level.
                   A        B        C        D        E       F      G
               +--------+--------+--------+--------+--------+-----+--------+
         Total |   1207 |   1142 |     65 |      0 |    794 |   2 |  603.5 |
       Dungeon |   1207 |   1142 |     65 |      0 |    794 |   2 |  603.5 |
               +--------+--------+--------+--------+--------+-----+--------+

Top non-repeatable levels by time:
     D:1: 853 daAuts
     D:2: 354 daAuts
